 Dungeon Crawl Stone Soup version 0.27.0-65-ge2af304b15 (webtiles) character file.

Game seed: 4712318462917914937

841 Spectrina the Covert (level 7, -3/40 HPs)
             Began as a Vampire Delver on Aug 18, 2021.
             Was a Follower of Dithmenos.
             Slain by a necrophage (6 damage)
             ... on level 6 of the Dungeon on Aug 19, 2021.
             The game lasted 00:16:45 (1200 turns).

Spectrina the Covert (Vampire Delver)               Turns: 1200, Time: 00:16:45

Health: -3/40      AC:  4    Str: 11    XL:     7   Next: 67%
Magic:  9/9        EV: 12    Int: 13    God:    Dithmenos [*.....]
Gold:   293        SH:  0    Dex: 17    Spells: 6/6 levels left

rFire    . . .     SeeInvis +   a - +0 short sword
rCold    + + .     Faith    .   (no shield)
rNeg     + + +     Spirit   .   b - +0 leather armour
rPois    ∞         Reflect  .   n - +0 helmet
rElec    .         Harm     .   (no cloak)
rCorr    .         Rampage  .   (no gloves)
Will     .....                  (no boots)
Stlth    +++++++++.             (no amulet)
HPRegen  0.00/turn              (no ring)
MPRegen  0.11/turn              (no ring)

@: bloodless, inhibited regen, wreathed by umbra
A: bloodless, fangs 3, see invisible, vampiric 2
a: Bat Form, Revivify, Renounce Religion


You were on level 6 of the Dungeon.
You worshipped Dithmenos.
Dithmenos was aware of your devotion.
You visited 1 branch of the dungeon, and saw 4 of its levels.
You also visited: Ossuary.

You collected 293 gold pieces.

Inventory:

Hand Weapons
 a - a +0 short sword (weapon)
 k - a +0 shortbow
 p - a +0 dagger
 x - a +0 hunting sling
Missiles
 j - 22 arrows
 w - 44 stones (quivered)
Armour
 b - a +0 leather armour (worn)
 n - a +0 helmet (worn)
 v - a +0 kite shield
Wands
 g - a wand of digging (3)
Scrolls
 c - a scroll of fog
 d - a scroll of magic mapping
 e - a scroll of fear
 l - a scroll of immolation {unknown}
 m - 2 scrolls of identify {unknown}
 o - a scroll of enchant weapon {unknown}
 r - a scroll of silence {unknown}
 s - a scroll of amnesia {unknown}
 u - 3 scrolls of enchant armour {unknown}
Potions
 f - a potion of haste
 h - a potion of lignification {unknown}
 i - 2 potions of degeneration {unknown}
 q - 3 potions of curing
 t - 2 potions of flight


   Skills:
 - Level 2.6 Fighting
 - Level 2.1 Short Blades
 - Level 2.1 Dodging
 + Level 13.2 Stealth
 + Level 3.7 Invocations


You had 6 spell levels left.
You didn't know any spells.
Your spell library contained the following spells:

 Spells                   Type           Power      Damage    Failure   Level
 Ensorcelled Hibernation  Hex/Ice        0%         N/A       52%         2
 Spider Form              Tmut/Pois      0%         N/A       77%         3
 Summon Guardian Golem    Hex/Summ       0%         N/A       77%         3
 Shadow Creatures         Summ           N/A        N/A       100%        6
 Orb of Destruction       Conj           0%         N/A       100%        7
 Spellforged Servitor     Conj/Summ      0%         N/A       100%        7


Dungeon Overview and Level Annotations

Branches:
Dungeon (7/15)            Ossuary (visited)
 Temple: D:4-7

Altars:
Dithmenos
Hepliaklqana


Innate Abilities, Weirdness & Mutations

You do not regenerate when monsters are visible.
You are frail without blood (-20% HP).
You can heal yourself when you bite living creatures.
You are immune to poison.
You have razor-sharp teeth.
You have supernaturally acute eyesight. (SInv)
You are afflicted with vampirism and can become a bat while bloodless.


Message History

The necrophage is heavily damaged.
The necrophage barely misses you.
You closely miss the necrophage. You bite the necrophage.
The necrophage is severely damaged.
The necrophage closely misses you.
You hit the necrophage.
The necrophage is almost destroyed.
The necrophage hits you.
You closely miss the necrophage.
The necrophage is almost destroyed.
The necrophage hits you.
You hit the necrophage but do no damage.
The necrophage is severely damaged.
The necrophage hits you.
* * * LOW HITPOINT WARNING * * *
You hit the necrophage.
The necrophage is almost destroyed.
The necrophage hits you.
* * * LOW HITPOINT WARNING * * *
You barely miss the necrophage.
The necrophage is almost destroyed.
The necrophage hits you.
* * * LOW HITPOINT WARNING * * *
You barely miss the necrophage.
The necrophage is almost destroyed.
The necrophage hits you.
* * * LOW HITPOINT WARNING * * *
You hit the necrophage but do no damage.
The necrophage is almost destroyed.
The necrophage closely misses you.
You closely miss the necrophage.
The necrophage is almost destroyed.
The necrophage closely misses you.
You closely miss the necrophage.
The necrophage is almost destroyed.
The necrophage barely misses you.
You closely miss the necrophage.
The necrophage is almost destroyed.
The necrophage hits you.
You die...

#..... .....
.8.. ... ..
#.## #.n#######
#.@.......
........#######
........#
8.8.8.###
...).. ######


You could see a necrophage.

Vanquished Creatures
  Sigmund (D:5)
  Edmund (D:4)
  3 ogres
  A centaur (D:5)
  3 hounds
  An orc priest (D:5)
  8 mummies (Ossuary)
  An adder (D:4)
  An adder skeleton (D:4)
  A dart slug (D:4)
  4 endoplasms (D:4)
  A giant cockroach (D:4)
  A goblin (D:4)
  A hobgoblin (D:4)
  3 jackals (D:4)
  3 hobgoblin zombies (Ossuary)
  2 kobold zombies (Ossuary)
  3 orc zombies (Ossuary)
39 creatures vanquished.

Notes
Turn   | Place    | Note
-------+----------+-------------------------------------------
     0 | D:5      | Spectrina the Vampire Delver began the quest for the Orb.
     0 | D:5      | Reached XP level 1. HP: 17/17 MP: 1/1
     6 | D:5      | Noticed Sigmund
    22 | D:5      | Killed Sigmund
    23 | D:5      | Reached skill level 10 in Stealth
    23 | D:5      | Reached XP level 2. HP: 18/18 MP: 2/2
    23 | D:5      | Gained mutation: You are afflicted with vampirism and can
                  | become a bat while bloodless. [Vampire growth]
    23 | D:5      | Reached XP level 3. HP: 22/22 MP: 3/3
    23 | D:5      | Reached XP level 4. HP: 27/27 MP: 4/4
    23 | D:5      | Reached XP level 5. HP: 31/31 MP: 5/5
    25 | D:5      | Noticed a centaur
    30 | D:5      | Killed a centaur
    31 | D:5      | Reached skill level 11 in Stealth
    38 | D:5      | Noticed an ogre
    65 | D:5      | Noticed an ogre
    93 | D:5      | Reached XP level 6. HP: 36/36 MP: 6/6
    96 | D:5      | Found a shadowy altar of Dithmenos.
   101 | D:5      | Became a worshipper of Dithmenos the Shadowed
   138 | D:4      | Found a hazy altar of Hepliaklqana.
   208 | D:4      | Found a sand-covered staircase.
   246 | Ossuary  | Entered an ossuary
   422 | Ossuary  | Reached skill level 1 in Invocations
   510 | Ossuary  | Reached skill level 12 in Stealth
   685 | D:4      | Noticed Edmund
   699 | D:4      | Killed Edmund
   722 | D:4      | Reached * piety under Dithmenos
   935 | D:4      | Reached XP level 7. HP: 35/35 MP: 7/9
  1114 | D:4      | You fall into a shaft and drop 2 floors!
  1118 | D:6      | Reached skill level 13 in Stealth
  1200 | D:6      | Slain by a necrophage

Illustrated notes

Levels and vault maps discovered:
D:4:      wad_pebble_path, layout_basic, mainiacjoe_overflow_alcove_2,
          chequers_ossuary_entry_cave, kennysheep_opposing_triangles,
          uniq_edmund, uniq_grinder
D:5:      minmay_bubble_buster, layout_cave_pools,
          grunt_dithmenos_smoke_and_mirrors, temple_hall, uniq_sigmund
D:6:      layout_basic, bloody_makhleb, eat_drink_and_be_merry_uskayaw
D:7:      minmay_opposing_rooms, layout_loops_ring,
          nicolae_sif_muna_condensation

Skill      XL: |  1  2  3  4  5  6  7 |
---------------+----------------------+-----
Stealth        | 10 11 12 13 | 13.2
Invocations    | 2 3 |  3.7
Fighting       | |  2.6
Short Blades   | |  2.1
Dodging        | |  2.1

Action                   |  1- 3 |  4- 6 |  7- 9 || total
-------------------------+-------+-------+-------++-------
Melee: Short sword       |     1 |    68 |    53 ||   122
       Bite              |       |     6 |     6 ||    12
 Abil: Exsanguinate      |     1 |     1 |       ||     2
       Revivify          |       |     1 |       ||     1
Evoke: Wand              |       |     5 |       ||     5
  Use: Potion            |       |     3 |       ||     3
 Stab: Sleeping          |     1 |     9 |     8 ||    18
       Distracted        |       |     3 |     1 ||     4
Armor: Leather armour    |       |     3 |     4 ||     7
Dodge: Dodged            |       |    17 |    24 ||    41
